 Dungeon Crawl Stone Soup version 0.29-a0-356-g7bc237e783 (webtiles) character file.

Game seed: 12225354217405923057

1104 Ijustatesigmund the Thaumaturge (level 8, -4/41 HPs)
             Began as a Deep Elf Conjurer on Apr 26, 2022.
             Slain by a gnoll
             ... wielding a +0 halberd
              (20 damage)
             ... on level 6 of the Dungeon.
             The game lasted 00:11:25 (6261 turns).

Ijustatesigmund the Thaumaturge (Deep Elf Conjurer) Turns: 6261, Time: 00:11:26

Health: -4/41      AC: 13    Str:  4    XL:     8   Next: 11%
Magic:  15/22      EV:  7    Int: 28    God:
Gold:   305        SH:  0    Dex: 13    Spells: 20/23 levels left

rFire   . . .      SeeInvis .   f - +0 short sword (vamp)
rCold   . . .      Faith    .   (no shield)
rNeg    . . .      Spirit   .   a - +1 robe
rPois   .          Reflect  .   B - +0 helmet
rElec   .          Harm     .   (no cloak)
rCorr   .          Rampage  .   n - +0 pair of gloves
Will    +....                   (no boots)
Stlth   ++........              (no amulet)
HPRegen 0.13/turn               e - +4 ring of protection
MPRegen 0.18/turn               m - ring "Eluc Nerch" {Will+ AC+4 Int+2}

@: held
A: no striking features
a: no special abilities


You were on level 6 of the Dungeon.
You visited 1 branch of the dungeon, and saw 6 of its levels.

You collected 305 gold pieces.

Inventory:

Hand Weapons
 f - a +0 vampiric short sword (weapon)
 h - a +0 hand crossbow
Armour
 a - a +1 robe (worn)
 n - a +0 pair of gloves (worn)
 B - a +0 helmet (worn)
Magical Staves
 p - a staff of air
Jewellery
 e - a +4 ring of protection (left hand)
 l - a ring of poison resistance
 m - the ring "Eluc Nerch" (right hand) {Will+ AC+4 Int+2}
   (You found it on level 2 of the Dungeon)

   [ring of protection]

   AC:        It affects your AC (+4).
   Int:       It affects your intelligence (+2).
   Will:      It increases your willpower.
Scrolls
 r - a scroll of enchant armour
 s - 2 scrolls of teleportation
 u - 2 scrolls of vulnerability {unknown}
 w - a scroll of identify
 y - a scroll of noise {unknown}
 A - a scroll of enchant weapon {unknown}
Potions
 b - a potion of attraction
 c - 2 potions of flight {unknown}
 d - a potion of cancellation
 g - 3 potions of curing {unknown}
 i - a potion of heal wounds
 j - a potion of haste {unknown}
 k - a potion of might
 o - 3 potions of lignification {unknown}
 q - a potion of magic
 v - a potion of degeneration {unknown}
 x - a potion of invisibility {unknown}
 z - a potion of resistance {unknown}


   Skills:
 + Level 5.7 Dodging
 - Level 2.4 Stealth
 + Level 8.4 Spellcasting
 + Level 7.9 Conjurations


You had 20 spell levels left.
You knew the following spells:

 Your Spells              Type           Power      Damage    Failure   Level
a - Magic Dart            Conj           100%       1d8       1%          1
b - Searing Ray           Conj           100%       2d8       1%          2

Your spell library contained the following spells:

 Spells                   Type           Power      Damage    Failure   Level
 Dazzling Flash           Conj/Hex       68%        N/A       2%          3
 Beastly Appendage        Tmut           22%        N/A       4%          1
 Summon Small Mammal      Summ           44%        N/A       4%          1
 Mephitic Cloud           Conj/Pois/Air  26%        N/A       4%          3
 Call Imp                 Summ           11%        N/A       7%          2
 Sublimation of Blood     Necr           11%        N/A       7%          2
 Wereblood                Tmut           11%        N/A       7%          2
 Fulminant Prism          Conj/Hex       17%        3d11      9%          4
 Iskenderun's Mystic Bla  Conj/Tloc      34%        2d8       9%          4
 Call Canine Familiar     Summ           11%        N/A       14%         3
 Spider Form              Tmut/Pois      11%        N/A       14%         3
 Summon Guardian Golem    Hex/Summ       11%        N/A       14%         3
 Irradiate                Conj/Tmut      17%        3d19      26%         5
 Petrify                  Tmut/Erth      11%        N/A       43%         4


Dungeon Overview and Level Annotations

Branches:
Dungeon (6/15)
 Temple: D:4-7

Altars:
Okawaru
Sif Muna
Yredelemnul

Shops:
D:2 [


Message History

The searing ray hits the gnoll.
The gnoll is moderately wounded. (Press . to maintain the ray.)
The gnoll shouts! x2
The searing ray hits the gnoll!
You kill the gnoll!
The gnoll throws a throwing net.
The throwing net hits you.
You become entangled in the net!
You struggle against the net.
The gnoll shaman hits you with a +0 whip.
An orc comes into view. It is wielding a +0 short sword.
You struggle against the net.
The gnoll hits you from afar with a +0 spear.
You struggle against the net.
The gnoll hits you but does no damage.
The gnoll shaman calls upon its god to speed up the gnoll.
The gnoll seems to speed up.
Unknown command.
You struggle against the net.
The gnoll hits you but does no damage.
The gnoll hits you from afar with a +0 halberd.
The gnoll shaman hits you with a +0 whip!
You rip the net and break free!
The gnoll misses you. The gnoll hits you but does no damage.
The gnoll drinks a potion.
The gnoll seems to grow stronger.
The gnoll shaman closely misses you. The gnoll closely misses you.
The gnoll throws a throwing net.
The throwing net hits you.
You become entangled in the net!
You stop ascending the stairs.
The gnoll shaman invokes the aid of its god against you.
You resist with almost no effort.
Unknown command.
Okay, then.
As you read the scroll of summoning, it crumbles to dust.
Wisps of shadow whirl around you... The gnoll hits you but does no damage.
The gnoll hits you from afar with a +0 spear.
The gnoll hits you from afar with a +0 halberd!
The gnoll shaman calls upon its god to speed up the gnoll.
The gnoll seems to speed up.
Unknown command.
You struggle against the net.
The gnoll hits you but does no damage.
The gnoll hits you from afar with a +0 halberd!!
You die...

...... ..
#.#..##....
#..........
###..........
#............
###5ns.........
#....og........
#...@.g))...##g
#...g..........
###.........###
####......#
########


You could see a gnoll shaman (ally target), 2 gnolls, an orc (ally target), a
friendly necrophage (summoned), a friendly scorpion (summoned) and a friendly
ufetubus (summoned).

Vanquished Creatures
  A phantom (D:4)
  Blork the orc (D:4)
  A bullfrog (D:4)
  3 necrophages (D:5)
  2 water moccasin zombies (D:5)
  A wight (D:5)
  A human zombie (D:5)
  A centaur zombie (D:5)
  2 bullfrog zombies (D:5)
  2 orc priests
  Terence (D:3)
  Jessica (D:2)
  2 iguanas
  An orc wizard (D:3)
  A hound zombie (D:5)
  A mummy (D:5)
  6 gnolls
  6 adders
  A white imp (D:5)
  5 dart slugs
  8 orcs
  8 ball pythons
  2 bats (D:2)
  7 endoplasms
  2 giant cockroaches (D:2)
  9 goblins
  4 hobgoblins
  13 jackals
  2 quokkas (D:2)
  2 frilled lizards
  2 kobolds
  3 rats
102 creatures vanquished.

Notes
Turn   | Place    | Note
-------+----------+-------------------------------------------
     0 | D:1      | Ijustatesigmund the Deep Elf Conjurer began the quest for
                  | the Orb.
     0 | D:1      | Reached XP level 1. HP: 10/10 MP: 6/6
   386 | D:1      | Reached XP level 2. HP: 15/15 MP: 5/8
   389 | D:1      | Learned a level 2 spell: Searing Ray
  1257 | D:2      | Noticed Jessica
  1259 | D:2      | Killed Jessica
  1260 | D:2      | Reached skill level 4 in Spellcasting
  1260 | D:2      | Reached skill level 5 in Conjurations
  1260 | D:2      | Reached XP level 3. HP: 19/19 MP: 6/10
  1295 | D:2      | Found a shimmering blue altar of Sif Muna.
  1628 | D:2      | Reached XP level 4. HP: 24/24 MP: 9/12
  1681 | D:2      | Identified the ring "Eluc Nerch" {Will+ AC+4 Int+2}
  1903 | D:2      | Found Lulaun's Antique Armour Emporium.
  2181 | D:2      | Reached skill level 5 in Spellcasting
  2670 | D:3      | Noticed Terence
  2703 | D:3      | Killed Terence
  2704 | D:3      | Reached XP level 5. HP: 24/28 MP: 10/15
  2786 | D:3      | Found an iron altar of Okawaru.
  2911 | D:3      | Reached skill level 6 in Spellcasting
  3886 | D:4      | Reached XP level 6. HP: 32/32 MP: 2/17
  4327 | D:4      | Noticed Blork the orc
  4336 | D:4      | Killed Blork the orc
  4600 | D:5      | Entered Level 5 of the Dungeon
  4628 | D:5      | Reached skill level 7 in Spellcasting
  4794 | D:5      | Reached XP level 7. HP: 32/36 MP: 9/19
  5028 | D:5      | Found a basalt altar of Yredelemnul.
  5291 | D:5      | Reached skill level 5 in Dodging
  5324 | D:5      | Reached skill level 8 in Spellcasting
  5669 | D:5      | Reached XP level 8. HP: 41/41 MP: 15/22
  6261 | D:6      | Slain by a gnoll

Illustrated notes

Levels and vault maps discovered:
D:1:      tarquinn_simple_flora_water_c, layout_basic
D:2:      layout_loops_corners, serial_shops,
          nicolae_shop_competitors_out_of_business, basic_altar,
          minmay_increasing_density, uniq_jessica
D:3:      layout_loops_corners, mainiacjoe_overflow_24_doors, uniq_terence
D:4:      layout_gridville, corner_web_ring, uniq_blork_the_orc
D:5:      layout_rooms, lemuel_mausoleum_altar_yredelemnul
D:6:      layout_rooms, mainiacjoe_overflow_boulevard,
          pdpol_wu_jian_five_deadly_venoms, mainiacjoe_overflow_catwalk_spiral,
          small_statue_intersection, uniq_pikel, uniq_crazy_yiuf_cottage

Skill      XL: |  1  2  3  4  5  6  7 |
---------------+----------------------+-----
Spellcasting   | 4 5 6 7 8 |  8.4
Conjurations   | 5 6 7 |  7.9
Dodging        | 4 5 |  5.7
Stealth        | |  2.4

Action                   |  1- 3 |  4- 6 |  7- 9 || total
-------------------------+-------+-------+-------++-------
 Fire: Hand crossbow     |    16 |    26 |       ||    42
 Cast: Magic Dart        |    27 |    64 |    33 ||   124
       Searing Ray       |     5 |    17 |    20 ||    42
  Use: Scroll            |     3 |     4 |     1 ||     8
       Potion            |       |     2 |       ||     2
Armor: Robe              |     6 |    22 |    25 ||    53
Dodge: Dodged            |    10 |    30 |    48 ||    88

Table legend: (Time is in decaauts)
 A = Elapsed time spent in this place.
 B = Non-inter-level travel time spent in this place.
 C = Inter-level travel time spent in this place.
 D = Time resting spent in this place.
 E = Time spent auto-exploring this place.
 F = Levels seen in this place.
 G = Mean time per level.
                   A        B        C        D        E       F      G
               +--------+--------+--------+--------+--------+-----+--------+
         Total |   6279 |   6193 |     86 |   1565 |   4007 |   6 | 1046.5 |
       Dungeon |   6279 |   6193 |     86 |   1565 |   4007 |   6 | 1046.5 |
               +--------+--------+--------+--------+--------+-----+--------+

Top non-repeatable levels by time:
     D:2: 1431 daAuts
     D:5: 1298 daAuts
     D:1: 1195 daAuts
     D:3: 1169 daAuts
     D:4: 1161 daAuts
     D:6: 22 daAuts
